 Dungeon Crawl Stone Soup version 0.31-a0-963-ga325b2283a (webtiles) character file.

Game seed: 13727865831290148917

46 IdlyInterested the Ducker (level 3, -3/27 HPs)
             Began as a Demonspawn Gladiator on Oct 24, 2023.
             Killed by divine providence
             ... invoked by an orc priest
              (11 damage)
             ... on level 2 of the Dungeon.
             The game lasted 00:03:24 (1289 turns).

IdlyInterested the Ducker (Demonspawn Gladiator)    Turns: 1289, Time: 00:03:25

Health: -3/27      AC:  5    Str: 14    XL:     3   Next: 46%
Magic:  3/3        EV: 12    Int:  9    God:
Gold:   93         SH:  0    Dex: 16    Spells: 2/2 levels left

rFire   + . .        a - +0 rapier
rCold   . . .        (no shield)
rNeg    . . .        f - +1 leather armour {rF+}
rPois   .            c - +0 helmet
rElec   .            (no cloak)
rCorr   .            (no gloves)
SInv    .            (no boots)
Will    +....        (no amulet)
Stlth   ++           m - ring of willpower
HPRegen 0.24/turn    (no ring)
MPRegen 0.08/turn

%: no passive effects
@: no status effects
A: weakness stinger 1
a: no special abilities


You were on level 2 of the Dungeon.
You visited 1 branch of the dungeon, and saw 2 of its levels.

You collected 93 gold pieces.

Inventory:

Hand Weapons
 a - a +0 rapier (weapon)
Missiles
 b - 21 stones (quivered)
 d - 3 throwing nets
Armour
 c - a +0 helmet (worn)
 f - a +1 leather armour of fire resistance (worn)
Magical Staves
 k - a staff of fire
Jewellery
 m - a ring of willpower (left hand)
Scrolls
 g - a scroll of immolation {unknown}
 i - 2 scrolls of identify {unknown}
Potions
 h - a potion of curing
 j - a potion of magic {unknown}
 l - a potion of berserk rage {unknown}


   Skills:
 - Level 2.0 Fighting
 - Level 2.6 Short Blades
 - Level 2.0 Throwing
 - Level 2.0 Armour
 - Level 2.6 Dodging
 + Level 1.3 Stealth
 - Level 1.0 Evocations


You had 2 spell levels left.
You didn't know any spells.
Your spell library contained the following spells:

 Spells                   Type           Power      Damage    Failure   Level
 Poisonous Vapours        Pois/Air       0%         N/A       58%         2
 Mephitic Cloud           Conj/Pois/Air  0%         N/A       83%         3
 Freezing Cloud           Conj/Ice/Air   0%         6-21      100%        5


Dungeon Overview and Level Annotations

Branches:
Dungeon (2/15)

Altars:


Innate Abilities, Weirdness & Mutations

You have a small tail.


Message History

The orc priest looks braver for a moment.
The orc closely misses you.
A kobold comes into view. It is wielding a +0 short sword.
The kobold shouts!
You hit the orc.
You tail-slap the orc, but do no damage.
The orc is heavily wounded.
The orc closely misses you.
An orc priest comes into view. It is wielding a +0 flail.
The orc attacks as it pursues you! The orc closely misses you.
Throw: javelin
Press: ? - help, Shift-Dir - straight line, f - orc
Aim: an orc, wielding a +0 whip and wearing a +0 ring mail (heavily wounded, 63% to hit)
You throw a javelin.
The javelin pierces through the orc but does no damage.
The orc is heavily wounded.
The javelin completely misses the orc.
The javelin pierces through the orc!
The orc is almost dead.
The javelin pierces through the orc priest.
The orc priest is moderately wounded.
The javelin pierces through the kobold!
You kill the kobold!
You hear a shout!
The orc misses you.
You hit the orc but do no damage.
The orc is heavily wounded.
The orc hits you with a +0 whip.
You hit the orc but do no damage. You tail-slap the orc.
You kill the orc!
The orc priest calls down the wrath of Beogh upon you.
Beogh smites you!
The orc priest invokes the aid of Beogh against you.
Beogh smites you!
Ouch! That really hurt!
* * * LOW HITPOINT WARNING * * *
It was a potion of curing.
You feel better. The orc barely misses you.
The orc priest invokes the aid of Beogh against you.
Beogh smites you!
You die...

#...###............#
................(#
.....###########.#
.....# #o# .....#
#o# .....# #.#
###### #o#
########o#
##......#@#
#.........#####
#...............
#......†..###...
##......### .
########


You could see 2 orc priests and 2 orcs.

Vanquished Creatures
  An adder (D:2)
  A gnoll (D:1)
  2 orcs (D:2)
  2 ball pythons (D:1)
  2 endoplasms (D:1)
  A goblin (D:1)
  A hobgoblin (D:2)
  2 jackals (D:1)
  6 kobolds
  A quokka (D:2)
  2 bats (D:2)
  A frilled lizard (D:2)
  3 rats
25 creatures vanquished.

Notes
Turn   | Place    | Note
-------+----------+-------------------------------------------
     0 | D:1      | IdlyInterested the Demonspawn Gladiator began the quest for
                  | the Orb.
     0 | D:1      | Reached XP level 1. HP: 16/16 MP: 1/1
   121 | D:1      | Reached skill level 1 in Armour
   260 | D:1      | Reached skill level 1 in Stealth
   269 | D:1      | Discovered your monstrous ancestry.
   269 | D:1      | Gained mutation: You have a small tail. [demonic ancestry]
   269 | D:1      | Reached XP level 2. HP: 21/22 MP: 2/2
   720 | D:1      | Reached skill level 1 in Evocations
   939 | D:2      | Reached XP level 3. HP: 20/27 MP: 3/3
  1011 | D:2      | HP: 1/27 [poisoned by an adder]
  1288 | D:2      | HP: 1/27 [orc priest/divine providence (14)]
  1289 | D:2      | Killed from afar by an orc priest

Illustrated notes

Levels and vault maps discovered:
D:1:      minmay_arrival_hallway, layout_basic, nicolae_titane
D:2:      cheibrodos_pilgrimage, layout_basic, uniq_jessica

Skill      XL: |  1  2  3 |
---------------+----------+-----
Armour         | 1 2 |  2.0
Stealth        | 1 |  1.3
Evocations     | 1 |  1.0
Throwing       | 2 |  2.0
Fighting       | |  2.0
Short Blades   | |  2.6
Dodging        | |  2.6

Action                     || total
---------------------------++-------
  Melee: Rapier            ||    85
         Tailslap          ||     9
  Throw: Stone             ||     6
         Javelin           ||     1
    Use: Potion            ||     1
 Armour: Leather armour    ||    54
  Dodge: Dodged            ||    64

Table legend: (Time is in decaauts)
 A = Elapsed time spent in this place.
 B = Non-inter-level travel time spent in this place.
 C = Inter-level travel time spent in this place.
 D = Time resting spent in this place.
 E = Time spent auto-exploring this place.
 F = Levels seen in this place.
 G = Mean time per level.
                   A        B        C        D        E       F      G
               +--------+--------+--------+--------+--------+-----+--------+
         Total |   1295 |   1123 |    172 |    225 |    616 |   2 |  647.5 |
       Dungeon |   1295 |   1123 |    172 |    225 |    616 |   2 |  647.5 |
               +--------+--------+--------+--------+--------+-----+--------+

Top non-repeatable levels by time:
     D:1: 1000 daAuts
     D:2: 295 daAuts
